 Dungeon Crawl Stone Soup version 0.17-a0-1115-g0372368 (webtiles) character file.

55 Hanyuu the Insei (level 3, -2/24 HPs)
             Began as an Octopode Transmuter on May 24, 2015.
             Slain by an adder (5 damage)
             ... on level 2 of the Dungeon.
             The game lasted 00:06:39 (2393 turns).

Hanyuu the Insei (Octopode Transmuter)              Turns: 2393, Time: 00:06:40

Health: -2/24      AC:  1    Str:  9    XL:     3   Next: 93%
Magic:  6/6        EV: 12    Int: 16    God:
Gold:   124        SH:  0    Dex: 12    Spells: 3 memorised, 0 levels left

rFire  . . .     SeeInvis .       - Unarmed
rCold  . . .     Clarity  .     (no shield)
rNeg   . . .     SustAt   .     (helmet restricted)
rPois  .         Gourm    .     (no amulet)
rElec  .         Spirit   .     (no ring)
rCorr  .         Warding  .     (no ring)
rMut   .         Stasis   .     (no ring)
MR     .....                    (no ring)
Stlth  ++........               (no ring)
                                (no ring)
                                (no ring)
                                (no ring)

@: lethally poisoned (-2 -> -7), not resistant to hostile enchantments,
unstealthy
A: almost no armour, amphibious, 8 rings, constrict 8, camouflage 1, gelatinous
body 1
a: no special abilities


You were on level 2 of the Dungeon.
You were hungry.

You visited 1 branch of the dungeon, and saw 2 of its levels.

You collected 124 gold pieces.

Inventory:

Hand weapons
 d - a +0 dagger of venom
Missiles
 a - 32 arrows
Magical staves
 h - an uncursed staff of wizardry
Scrolls
 e - 2 scrolls of recharging
 g - a scroll of fear
 j - a scroll of noise {unknown}
 l - a scroll of immolation {unknown}
 o - a scroll of remove curse {unknown}
Potions
 f - a potion of cure mutation {unknown}
 i - 4 potions of agility {unknown}
 m - a potion of heal wounds {unknown}
 n - a potion of poison {unknown}
 p - a potion of magic {unknown}
Books
 b - a book of Changes

   Spells                             Type                      Level
   a - Beastly Appendage              Transmutation                1
   b - Sticks to Snakes               Transmutation                2
   c - Spider Form                    Transmutation/Poison         3
   d - Ice Form                       Ice/Transmutation            4
   e - Blade Hands                    Transmutation                5
Comestibles
 c - 3 bread rations
 k - 2 beef jerkies


   Skills:
 - Level 2.0 Fighting
 - Level 2.0 Dodging
 * Level 4.2 Unarmed Combat
 - Level 2.0 Spellcasting
 + Level 2.1 Transmutations


You couldn't memorise any spells.
You knew the following spells:

 Your Spells              Type           Power        Failure   Level  Hunger
a - Beastly Appendage     Trmt           #.....       10%         1    #......
b - Sticks to Snakes      Trmt           #.........   14%         2    ###....
c - Spider Form           Trmt/Pois      #.........   38%         3    ###....


Dungeon Overview and Level Annotations

Branches:
Dungeon (2/15)

Altars:


Innate Abilities, Weirdness & Mutations

You cannot wear most types of armour.
You are amphibious.
You can wear up to eight rings at the same time.
You can use your tentacles to constrict eight enemies at once.
Your skin changes colour to match your surroundings (Stealth).
Your rubbery body absorbs attacks (AC +1).


Message History

You are lethally poisoned!
The adder poisons you!
You are too injured to fight recklessly!
You are too injured to fight recklessly!
You are too injured to fight recklessly!
You tentacle-slap the adder. Your grab misses the adder.
The adder is moderately wounded.
* * * LOW HITPOINT WARNING * * *
You feel sick. The adder closely misses you.
You tentacle-slap the adder but do no damage.
Your grab misses the adder. Your squeeze misses the adder.
The adder is moderately wounded.
The adder bites you.
* * * LOW HITPOINT WARNING * * *
You tentacle-slap the adder but do no damage.
Your grab misses the adder.
The adder is moderately wounded.
* * * LOW HITPOINT WARNING * * *
You feel sick. The adder bites you.
You die...

#.....## .# #.....#
#+# .# #.....#####
#.# .# ###........
#.# .# #†######.
##.## .# #.####
##...## .# #....#
#.....##########S#
#.##.#
###...##........@.#
#.##.###.
.....###...########
#........
###.####...#
####.####
#.......## #.....
######### ######


You could see an adder.

Vanquished Creatures
  2 adders
  2 giant geckos
  5 goblins (D:1)
  4 hobgoblins (D:1)
  7 jackals
  A quokka (D:2)
  A ball python (D:2)
  7 bats
  2 giant newts (D:1)
  3 kobolds (D:1)
  7 rats
41 creatures vanquished.

Notes
Turn   | Place    | Note
--------------------------------------------------------------
     0 | D:1      | Hanyuu the Octopode Transmuter began the quest for the Orb.
     0 | D:1      | Reached XP level 1. HP: 13/13 MP: 3/3
   501 | D:1      | Reached XP level 2. HP: 6/18 MP: 1/5
  1153 | D:1      | Reached XP level 3. HP: 20/23 MP: 6/6
  1160 | D:1      | Learned a level 2 spell: Sticks to Snakes
  1164 | D:1      | Learned a level 3 spell: Spider Form
  1787 | D:2      | Reached skill level 4 in Unarmed Combat
  2393 | D:2      | Slain by an adder

Vault maps used:
D:1:      lightli_arrival_noodles, minmay_misc_feat_hallway
D:2:      first_bread, minmay_misc_feat_room

Action                   || total
-------------------------++-------
Melee: Unarmed           ||    91
 Cast: Beastly Appendage ||     5
  Use: Scroll            ||     6
 Stab: Sleeping          ||     3
  Eat: Chunk             ||     4
